 Dungeon Crawl Stone Soup version 0.31-a0-819-gf6de2f5ab6 (webtiles) character file.

Game seed: 4340861274204026245

2257 qw the Skirmisher (level 9, -3/56 HPs)
             Began as a Gargoyle Hunter on Sept 23, 2023.
             Was a Follower of Okawaru.
             Killed by divine providence
             ... invoked by Jeremiah
              (12 damage)
             ... on level 7 of the Dungeon.
             The game lasted 00:02:35 (6623 turns).

qw the Skirmisher (Gargoyle Hunter)                 Turns: 6623, Time: 00:02:36

Health: -3/56      AC: 14    Str: 15    XL:     9   Next: 37%
Magic:  12/12      EV: 35    Int: 10    God:    Okawaru [*.....]
Gold:   896        SH:  0    Dex: 23    Spells: 8/8 levels left

rFire   . . .        a - +0 orcbow
rCold   . . .        (shield currently unavailable)
rNeg    + . .        j - +0 ring mail
rPois   inf          (no helmet)
rElec   +            (no cloak)
rCorr   .            (no gloves)
SInv    .            l - +0 pair of boots
Will    .....        b - amulet of the acrobat
Stlth   +++          i - +6 ring of dexterity
HPRegen 0.29/turn    k - +3 ring of evasion
MPRegen 0.13/turn

%: acrobat
@: about to teleport, heroic, acrobatic
A: sickness immunity, AC +6, negative energy resistance 1, electricity
resistance, torment resistance 1, petrification resistance
a: Renounce Religion, Heroism


You were on level 7 of the Dungeon.
You worshipped Okawaru.
Okawaru was aware of your devotion.
You visited 2 branches of the dungeon, and saw 8 of its levels.

You collected 1026 gold pieces.
You spent 130 gold pieces at shops.


Innate Abilities, Weirdness & Mutations

You are immune to sickness and miasma.
Your stone body is resilient. (AC +6)
You are immune to poison.
You resist negative energy. (rN+)
You are resistant to electric shocks. (rElec)
You are resistant to unholy torment.
You are immune to petrification.


   Skills:
 + Level 6.5(11.5) Fighting
 - Level 10.0(15.0) Ranged Weapons
 - Level 2.2(7.2) Armour
 - Level 3.4(8.4) Dodging
 - Level 1.1(6.1) Stealth
 - Level 4.0 Invocations


You had 8 spell levels left.
You didn't know any spells.
Your spell library was empty.

Inventory:

Hand Weapons
 a - a +0 orcbow (weapon)
Armour
 j - a +0 ring mail (worn)
 l - a +0 pair of boots (worn)
Jewellery
 b - an amulet of the acrobat (around neck)
 i - a +6 ring of dexterity (left hand)
 k - a +3 ring of evasion (right hand)
Scrolls
 e - a scroll of identify
 g - 5 scrolls of teleportation
Potions
 c - a potion of lignification {unknown}
 f - a potion of curing
 m - a potion of might

Dungeon Overview and Level Annotations

Branches:
Dungeon (7/15)             Temple (1/1) D:4

Altars:
Ashenzari
Cheibriados
Dithmenos
Elyvilon
Fedhas
Gozag
Hepliaklqana
Kikubaaqudgha
Makhleb
Nemelex Xobeh
Okawaru
Ru
Sif Muna
Trog
Uskayaw
Vehumet
Wu Jian
Xom
Yredelemnul
Zin
The Shining One

Shops:
D:4 =   D:5 (

Annotations:
D:5 1 runed translucent door, Crazy Yiuf
D:7 Jeremiah


Message History

The arrow hits the butterfly!!
You kill the butterfly!
The butterfly disappears in a burst of colours!
The butterfly disappears in a burst of colours!
The butterfly disappears in a burst of colours!
You shoot an arrow. The arrow closely misses Jeremiah.
Jeremiah hits you but does no damage.
The butterfly disappears in a burst of colours! x4
Jeremiah hits you but does no damage.
The butterfly disappears in a burst of colours! x3
Jeremiah completely misses you.
You shoot an arrow. The arrow barely misses Jeremiah.
The arrow hits the butterfly!
You kill the butterfly!
The butterfly disappears in a burst of colours!
The butterfly disappears in a burst of colours!
Jeremiah misses you.
The butterfly disappears in a burst of colours!
Jeremiah pinches themself.
Jeremiah hops!
You shoot an arrow. The arrow hits Jeremiah!
Jeremiah is heavily wounded.
The butterfly disappears in a burst of colours!
The butterfly disappears in a burst of colours!
You shoot an arrow. The arrow hits Jeremiah!
Jeremiah is severely wounded.
The butterfly disappears in a burst of colours!
You shoot an arrow. The arrow hits Jeremiah.
Jeremiah is almost dead.
The butterfly disappears in a burst of colours!
Jeremiah throws their arms up pleadingly.
Something smites you!
6622 ||| READING 6 scrolls of teleportation.
As you read the scroll of teleportation, it crumbles to dust.
You feel strangely unstable.
The butterfly disappears in a burst of colours! x2
Jeremiah shouts, "O dreadful one, destroy my foe!"
Something smites you!
You die...
Jeremiah says, "O terrible one, your will is done."

########## #########
####........###### .......)#
#..+..........F..###
#######)######.##................
#.....[.......).................
##.########.##.#Fb...........b...
...### #.##.#bbb..............
.....# #.##.#bbb..b.....b.b...
#....######.##.#@###########b....
#........##.##.#b### #.....
.........'......bb.###### #.....
#####....##.##b##.......# ######
#....##.##)###....#.# #
#....##....#....#.#.#########
#..........#.##.#............
#.............#.#######.#####
#.............#.# #.....###


You could see Jeremiah.

Vanquished Creatures
  Grinder (D:3)
  A water moccasin (D:7)
  2 sky beasts (D:7)
  An orc warrior (D:7)
  An ice beast (D:6)
  3 centaurs (D:6)
  3 bullfrogs
  A scorpion (D:5)
  8 wights (D:7)
  2 jellies (D:5)
  6 hounds
  4 orc priests
  An iguana (D:5)
  A sleepcap (D:6)
  Natasha (D:2)
  2 orc wizards (D:6)
  9 adders
  A white imp (D:5)
  An ufetubus (D:5)
  3 worms
  2 dart slugs
  21 orcs
  6 ball pythons
  5 bats
  8 endoplasms
  2 giant cockroaches (D:2)
  5 goblins
  6 hobgoblins
  2 jackals (D:2)
  2 quokkas
  3 frilled lizards
  10 kobolds
  4 rats
128 creatures vanquished.

Vanquished Creatures (others)
  An orc wizard (D:6)
1 creature vanquished.

Grand Total: 129 creatures vanquished

Notes
Turn   | Place    | Note
-------+----------+-------------------------------------------
     0 | D:1      | qw the Gargoyle Hunter began the quest for the Orb.
     0 | D:1      | Reached XP level 1. HP: 12/12 MP: 1/1
     0 | D:1      | 0 ||| qw: Version: 0.3-a-83-gcd0e7d8
     0 | D:1      | 0 ||| qw: Game counter: 1606
     0 | D:1      | 0 ||| qw: Melee chars always use a shield: true
     0 | D:1      | 0 ||| qw: God list: Okawaru
     0 | D:1      | 0 ||| qw: Allow faded altars: false
     0 | D:1      | 0 ||| qw: Do Orc after clearing Dungeon:15 true
     0 | D:1      | 0 ||| qw: Do second Lair branch before Depths: true
     0 | D:1      | 0 ||| qw: Lair rune preference: random
     0 | D:1      | 0 ||| qw: Goals: Normal
     0 | D:1      | 0 ||| PLANNING D:1-11
   147 | D:1      | Reached XP level 2. HP: 17/17 MP: 2/2
   728 | D:1      | 728 ||| UPGRADING to +0 pair of boots.
   733 | D:1      | 733 ||| DROPPING +6 ring of intelligence.
   734 | D:1      | 734 ||| UPGRADING to ring of resist corrosion.
   735 | D:1      | 735 ||| READING scroll labelled WYOPAR PIARUJI.
   736 | D:1      | 736 ||| READING 2 scrolls labelled HUTHRONGAYKO.
   737 | D:1      | 737 ||| READING scroll labelled GOZIENIFED.
   740 | D:1      | 740 ||| READING scroll labelled LAFENO OKIROSK.
   741 | D:1      | 741 ||| READING scroll labelled BOSUODWU UXKO.
   742 | D:1      | 742 ||| DROPPING scroll of butterflies.
   810 | D:2      | Reached XP level 3. HP: 21/21 MP: 3/3
   888 | D:2      | Reached skill level 5 in Ranged Weapons
  1081 | D:2      | Reached skill level 3 in Fighting
  1101 | D:2      | Noticed Natasha
  1104 | D:2      | Reached XP level 4. HP: 28/28 MP: 4/4
  1108 | D:2      | Killed Natasha
  1263 | D:2      | 1263 ||| DROPPING +0 heavy sling.
  1448 | D:2      | 1448 ||| READING scroll labelled XYTEUSYMYU.
  1549 | D:2      | 1549 ||| READING scroll labelled QOAPORE DOPTAE.
  1550 | D:2      | 1550 ||| DRINKING 2 glowing white potions.
  1655 | D:2      | 1655 ||| DRINKING 2 glowing amethyst potions.
  1656 | D:2      | 1656 ||| DROPPING potion of berserk rage.
  1842 | D:3      | Noticed Grinder
  1853 | D:3      | Killed Grinder
  1854 | D:3      | Reached skill level 7 in Ranged Weapons
  1854 | D:3      | Reached XP level 5. HP: 19/32 MP: 5/5
  1854 | D:3      | Reached XP level 6. HP: 23/37 MP: 6/6
  2172 | D:3      | Reached skill level 1 in Armour
  2492 | D:3      | 2492 ||| UPGRADING to amulet of the acrobat.
  2497 | D:3      | 2497 ||| UPGRADING to ring of willpower.
  2498 | D:3      | 2498 ||| DRINKING 2 coppery potions.
  2499 | D:3      | 2499 ||| DRINKING 2 black potions.
  2500 | D:3      | 2500 ||| DROPPING potion of attraction.
  2541 | D:4      | Found a blossoming altar of Fedhas.
  2595 | D:4      | Found a hazy altar of Hepliaklqana.
  2603 | D:4      | Found an ancient bone altar of Kikubaaqudgha.
  2633 | D:4      | Found Utexol's One-of-a-Kind Rings.
  2644 | D:4      | 2644 ||| BUYING +3 ring of evasion (130 gold).
  2644 | D:4      | Bought a +3 ring of evasion for 130 gold pieces
  2644 | D:4      | 2644 ||| SHOPLISTING +7 ring of protection (1345 gold, have
                  | 46).
  2644 | D:4      | 2644 ||| SHOPLISTING +9 ring of dexterity (1014 gold, have
                  | 46).
  2644 | D:4      | 2644 ||| SHOPLISTING +9 ring of evasion (1345 gold, have
                  | 46).
  2644 | D:4      | 2644 ||| SHOPLISTING ring "Tenkuxt" {Fire Drain rCorr Dex-3
                  | SInv} (388 gold, have 46).
  2722 | D:4      | 2722 ||| READING scroll of brand weapon.
  2722 | D:4      | 2722 ||| BRANDING +1 shortbow of freezing.
  2975 | D:4      | Found a staircase to the Ecumenical Temple.
  2976 | D:4      | 2976 ||| PLANNING TEMPLE
  2976 | D:4      | 2976 ||| UPGRADING to +0 ring mail.
  2986 | D:4      | 2986 ||| DROPPING +0 leather armour.
  2987 | D:4      | 2987 ||| UPGRADING to +6 ring of dexterity.
  2989 | D:4      | 2989 ||| UPGRADING to +3 ring of evasion.
  2991 | D:4      | 2991 ||| DROPPING ring of resist corrosion.
  2992 | D:4      | 2992 ||| DROPPING ring of willpower.
  2993 | D:4      | 2993 ||| READING 2 scrolls labelled GOAHO YDWO.
  2994 | D:4      | 2994 ||| DRINKING 2 metallic emerald potions.
  2995 | D:4      | 2995 ||| DROPPING potion of degeneration.
  2996 | D:4      | 2996 ||| DROPPING scroll of fear.
  3005 | Temple   | Entered the Ecumenical Temple
  3006 | Temple   | 3006 ||| PLANNING OKAWARU WORSHIP
  3078 | Temple   | Became a worshipper of Warmaster Okawaru
  3079 | Temple   | 3079 ||| PLANNING D:1-11
  3431 | D:5      | Entered Level 5 of the Dungeon
  3639 | D:5      | Reached XP level 7. HP: 43/43 MP: 7/7
  3729 | D:5      | Found Nadaagh's Weapon Shoppe.
  4157 | D:5      | Found a runed translucent door.
  4158 | D:5      | Noticed Crazy Yiuf
  4252 | D:5      | 4252 ||| SHOPLISTING +2 shortbow of electrocution (214
                  | gold, have 178).
  4663 | D:5      | 4663 ||| READING scroll labelled ICZIXKACLA.
  4663 | D:5      | Identified a scroll of acquirement
  4663 | D:5      | 4663 ||| ACQUIRING 587 gold pieces
  4663 | D:5      | Acquired 587 gold pieces
  4685 | D:6      | Identified the +1 dagger of the Swamp {venom, *Corrode rF+
                  | Str+8}
  4746 | D:6      | Reached skill level 8 in Ranged Weapons
  4746 | D:6      | 4746 ||| FLEEEEING.
  4750 | D:6      | HP: 4/43 [ice beast (12)]
  4751 | D:6      | 4751 ||| READING 6 scrolls of teleportation.
  4751 | D:6      | HP: 1/43 [something (3)]
  4752 | D:6      | 4752 ||| DRINKING potion of heal wounds.
  4872 | D:6      | Found an ornate altar of the Wu Jian Council.
  4937 | D:6      | Reached XP level 8. HP: 49/49 MP: 8/8
  4940 | D:6      | 4940 ||| Stepping ~*~*~tactically~*~*~ (retreating).
  4945 | D:6      | Reached * piety under Okawaru
  4949 | D:6      | 4949 ||| INVOKING Heroism.
  4975 | D:6      | 4975 ||| SWAPPING to +0 orcbow.
  4976 | D:6      | 4976 ||| DROPPING +1 heavy shortbow.
  5033 | D:6      | Reached skill level 1 in Invocations
  5202 | D:6      | 5202 ||| READING 2 scrolls of identify.
  5202 | D:6      | 5202 ||| IDENTIFYING blue potion
  5203 | D:6      | 5203 ||| DROPPING potion of brilliance.
  5326 | D:6      | 5326 ||| READING 2 scrolls of identify.
  5326 | D:6      | 5326 ||| IDENTIFYING red potion
  5331 | D:6      | Reached skill level 9 in Ranged Weapons
  5396 | D:7      | Reached skill level 3 in Invocations
  5396 | D:7      | 5396 ||| STAIRDANCE
  5446 | D:7      | 5446 ||| INVOKING Heroism.
  5454 | D:7      | Reached skill level 6 in Fighting
  5622 | D:7      | 5622 ||| INVOKING Heroism.
  5739 | D:7      | 5739 ||| INVOKING Heroism.
  5746 | D:7      | Reached skill level 3 in Dodging
  5746 | D:7      | Reached XP level 9. HP: 52/55 MP: 9/12
  5757 | D:7      | Reached ** piety under Okawaru
  5760 | D:7      | 5760 ||| FLEEEEING.
  5761 | D:7      | 5761 ||| FLEEEEING.
  5762 | D:7      | 5762 ||| FLEEEEING.
  5763 | D:7      | 5763 ||| FLEEEEING.
  5764 | D:7      | 5764 ||| FLEEEEING.
  5765 | D:7      | 5765 ||| FLEEEEING.
  5766 | D:7      | 5766 ||| FLEEEEING.
  5767 | D:7      | 5767 ||| FLEEEEING.
  5768 | D:7      | 5768 ||| FLEEEEING.
  5769 | D:7      | 5769 ||| FLEEEEING.
  5770 | D:7      | 5770 ||| FLEEEEING.
  5771 | D:7      | 5771 ||| FLEEEEING.
  5772 | D:7      | 5772 ||| FLEEEEING.
  5773 | D:7      | 5773 ||| FLEEEEING.
  5774 | D:7      | 5774 ||| FLEEEEING.
  5775 | D:7      | 5775 ||| FLEEEEING.
  5776 | D:7      | 5776 ||| FLEEEEING.
  5777 | D:7      | 5777 ||| FLEEEEING.
  5778 | D:7      | 5778 ||| FLEEEEING.
  5779 | D:7      | 5779 ||| FLEEEEING.
  5780 | D:7      | 5780 ||| FLEEEEING.
  5781 | D:7      | 5781 ||| FLEEEEING.
  5782 | D:7      | 5782 ||| STAIRDANCE
  5863 | D:7      | Noticed Jeremiah
  5868 | D:7      | 5868 ||| FLEEEEING.
  5869 | D:7      | 5869 ||| FLEEEEING.
  5881 | D:7      | 5881 ||| FLEEEEING.
  5882 | D:7      | 5882 ||| FLEEEEING.
  5883 | D:7      | 5883 ||| FLEEEEING.
  5886 | D:7      | 5886 ||| STAIRDANCE
  5988 | D:7      | 5988 ||| Stepping ~*~*~tactically~*~*~ (retreating).
  5989 | D:7      | 5989 ||| Stepping ~*~*~tactically~*~*~ (retreating).
  5994 | D:7      | Reached skill level 10 in Ranged Weapons
  6112 | D:7      | 6112 ||| INVOKING Heroism.
  6117 | D:7      | HP: 6/55 [Jeremiah/divine providence (9)]
  6118 | D:7      | 6118 ||| READING 7 scrolls of teleportation.
  6450 | D:7      | 6450 ||| FLEEEEING.
  6451 | D:7      | 6451 ||| FLEEEEING.
  6453 | D:7      | 6453 ||| FLEEEEING.
  6454 | D:7      | 6454 ||| FLEEEEING.
  6456 | D:7      | 6456 ||| FLEEEEING.
  6457 | D:7      | 6457 ||| FLEEEEING.
  6458 | D:7      | 6458 ||| FLEEEEING.
  6464 | D:7      | 6464 ||| STAIRDANCE
  6587 | D:7      | 6587 ||| INVOKING Heroism.
  6603 | D:7      | 6603 ||| INVOKING Heroism.
  6621 | D:7      | HP: 9/56 [Jeremiah/divine providence (11)]
  6622 | D:7      | 6622 ||| READING 6 scrolls of teleportation.
  6623 | D:7      | Killed from afar by Jeremiah

Levels and vault maps discovered:
D:1:      giann_horns, layout_loops_ring, minmay_misc_feat_nine_boxes,
          minmay_crystal_room
D:2:      layout_basic, uniq_natasha
D:3:      layout_loops_ring, serial_glass, glass_columns_a, glass_columns_c,
          minmay_strange_pillars, minmay_strange_pillars,
          minmay_strange_pillars, grunt_ministairs_15,
          chequers_serial_rivers_micro_d, uniq_grinder
D:4:      layout_cave_pools, mainiacjoe_overflow_large_starburst,
          lemuel_crystal_altar, lemuel_temple_firewalk_b, grunt_ministairs_13,
          dk_noncrumbling_3, nicolae_shop_unique_rings
D:5:      layout_basic, nicolae_inconvenience_store, minivault_1,
          uniq_crazy_yiuf_cottage
D:6:      layout_rooms, mainiacjoe_overflow_24_doors, minmay_puff
D:7:      layout_basic, uniq_jeremiah
Temple:   minmay_temple_bridge_d

Skill      XL: |  1  2  3  4  5  6  7  8  9 |
---------------+----------------------------+-----
Ranged Weapons | 5 7 8 9 10 | 10.0
Fighting       | 3 4 5 6 |  6.5
Armour         | 1 2 |  2.2
Dodging        | 2 3 |  3.4
Invocations    | 4 |  4.0
Stealth        | |  1.1

Action                     |  1- 3 |  4- 6 |  7- 9 || total
---------------------------+-------+-------+-------++-------
   Fire: Shortbow          |    76 |   132 |    82 ||   290
         Orcbow            |       |       |   169 ||   169
 Invoke: Heroism           |       |       |     7 ||     7
    Use: Scroll            |     5 |     4 |     6 ||    15
         Potion            |       |     5 |     1 ||     6
 Armour: Leather armour    |     5 |    22 |       ||    27
         Ring mail         |       |     9 |   127 ||   136
  Dodge: Dodged            |     3 |    45 |   146 ||   194

Table legend:
 A = Non-vault XP
 B = Vault XP
 C = Vault XP percentage of total XP
 D = Non-vault monster count
 E = Vault monster count
 F = Vault count percentage of total count
                 A         B        C        D         E       F
            +---------+---------+-------+---------+---------+-------
      Total |    2658 |     567 |  17.6 |     121 |       8 |   6.2
            +---------+---------+-------+---------+---------+-------
        D:1 |      25 |       0 |   0.0 |      16 |       0 |   0.0
        D:2 |      76 |      35 |  31.5 |      26 |       1 |   3.7
        D:3 |      56 |     277 |  83.2 |      11 |       3 |  21.4
        D:4 |      56 |      27 |  32.5 |      10 |       2 |  16.7
        D:5 |     330 |       0 |   0.0 |      11 |       0 |   0.0
        D:6 |     655 |     228 |  25.8 |      21 |       2 |   8.7
        D:7 |    1460 |       0 |   0.0 |      26 |       0 |   0.0
            +---------+---------+-------+---------+---------+-------
